Map: Frost LE

Players

BuRny - Winner!

  • Race: Terran Terran
  • League: Master

A.I. 1 (Elite)

  • Race: Zerg Zerg

VOD

Have the link to the VOD?

Description

Time

  • Played on: Oct. 22, 2016, 2:16 p.m.
  • Length: 9:47
Show
View Real Time Build Order
Export as new Build Order

BuRny Terran - Winner!

Build Orders: Reaper Expand, MMM Bio 

Get SALT Encoding   

  12  0:00  SCV  
  13  0:12  SCV  
  14  0:17  Supply Depot  
  14  0:24  SCV  
  15  0:38  SCV  
  16  0:43  Barracks  
  16  0:48  Refinery  
  16  0:51  SCV  
  17  1:03  SCV  
  18  1:15  SCV  
  19  1:29  Orbital Command  
  19  1:31  Reaper  
  20  1:42  Command Center, Unknown  
  20  1:55  SCV, Barracks  
  21  2:04  Supply Depot  
  21  2:06  Barracks Reactor  
  21  2:07  SCV  
  22  2:16  Refinery  
  22  2:19  SCV  
  23  2:31  SCV  
  23  2:32  Factory  
  24  2:42  Barracks Tech Lab  
  24  2:43  SCV  
  25  2:45  Marine x2  
  27  2:54  Unknown  
  27  2:55  SCV  
  27  2:57  Orbital Command  
  28  3:01  Stimpack, Marine  
  28  3:05  Marine  
  30  3:07  SCV  
  30  3:09  Marine  
  32  3:19  SCV, Starport  
  33  3:27  Factory Reactor  
  33  3:28  SCV  
  33  3:31  SCV, Marine x2  
  33  3:32  Marine  
  38  3:38  Supply Depot  
  38  3:41  SCV  
  39  3:43  SCV  
  40  3:49  Supply Depot, Marine x2  
  40  3:50  Marine  
  40  3:53  SCV  
  44  3:56  SCV, Starport Reactor  
  45  4:05  SCV  
  45  4:07  Marine x2  
  45  4:08  SCV, Supply Depot, Marine  
  45  4:09  Hellion  
  52  4:12  Hellion  
  54  4:17  SCV  
  54  4:20  SCV  
  56  4:24  Marine  
  56  4:25  Marine  
  56  4:28  Supply Depot, Marine  
  56  4:29  SCV  
  56  4:31  Hellion  
  62  4:32  SCV  
  62  4:35  Medivac  
  62  4:37  Medivac  
  67  4:41  SCV  
  68  4:45  Armory, Marine  
  68  4:46  Marine  
  68  4:49  Marine, Hellion  
  73  4:53  SCV, Supply Depot  
  73  4:54  SCV  
  75  5:00  Hellion  
  75  5:03  Marine  
  75  5:05  Combat Shields  
  78  5:10  Supply Depot  
  78  5:14  SCV x2, Marine x2  
  78  5:15  Hellion  
  82  5:21  Marine  
  82  5:22  Hellion  
  82  5:26  SCV  
  86  5:32  SCV, Medivac  
  89  5:36  Command Center, Unknown, Hellion  
  89  5:41  Marine x2  
  89  5:42  Marine  
  94  5:48  Supply Depot x2  
  94  5:55  Engineering Bay  
  94  5:56  Engineering Bay  
  94  6:01  SCV x2  
  94  6:02  Marine x2  
  94  6:04  Marine  
  94  6:09  Hellion x2  
  97  6:13  SCV x2  
  97  6:17  Medivac  
  97  6:18  Medivac  
  103  6:20  Marine  
  103  6:23  Terran Infantry Weapons Level 1, Supply Depot  
  103  6:25  SCV x2  
  106  6:29  Refinery  
  106  6:31  Refinery  
  104  6:35  Terran Infantry Armor Level 1  
  104  6:37  SCV x2  
  104  6:41  Supply Depot x2  
  103  6:47  Unknown  
  103  6:49  SCV x2  
  103  6:50  Marine  
  103  6:51  Marine  
  103  6:52  Marine  
  108  6:54  Orbital Command  
  108  7:01  SCV  
  108  7:02  Barracks  
  108  7:03  Barracks  
  108  7:07  SCV  
  110  7:08  Barracks  
  110  7:09  Factory Reactor  
  110  7:11  Starport Reactor  
  110  7:13  Marine x2  
  110  7:14  SCV  
  110  7:15  Marauder  
  115  7:19  SCV  
  115  7:20  SCV  
  115  7:26  SCV  
  116  7:31  SCV, Marine  
  116  7:34  Refinery  
  116  7:35  Supply Depot  
  116  7:36  Supply Depot  
  118  7:37  Supply Depot  
  118  7:39  Supply Depot  
  118  7:40  Supply Depot  
  118  7:43  Marauder, Marine  
  118  7:44  Concussive Shells  
  119  7:48  Marine  
  119  7:50  Marine  
  119  7:51  Marine x3  
  122  7:52  Hellion x2  
  122  7:53  Medivac x2  
  122  7:56  Barracks Reactor  
  132  8:01  Marine  
  132  8:04  Marine  
  134  8:08  Supply Depot  
  134  8:09  Supply Depot, Marine x3  
  134  8:10  Marine x2  
  139  8:14  Hellion x2  
  139  8:18  Marine  
  144  8:22  Marine  
  144  8:23  Medivac x2  
  149  8:27  Marine x3  
  149  8:28  Marine x2  
  149  8:32  Marine x2  
  156  8:34  Widow Mine x2  
  156  8:35  Liberator  
  156  8:36  Marine, Liberator  
  156  8:40  Marauder  
  163  8:45  Marine x5  
  168  8:49  Marine  
  168  8:50  Marine  
  168  8:54  Marine  
  177  9:00  Command Center, Unknown  
  177  9:02  Marauder  
  179  9:03  Marine x4  
  179  9:04  Marine, Hellion x2  
  179  9:07  Marine x2  
  190  9:12  Marine  
  190  9:15  Barracks  
  191  9:17  Barracks x2  
  191  9:22  Ghost Academy, Marine x2  
  191  9:23  Marauder, Marine  
  191  9:24  Marine  
  197  9:25  Marine  
  197  9:26  Marine  
  197  9:28  Marine  
Show
View Real Time Build Order
Export as new Build Order

A.I. 1 (Elite) Zerg 

Build Orders: Pool First 

Get SALT Encoding   

  12  0:00  Drone  
  13  0:12  Overlord  
  13  0:16  Drone  
  14  0:31  Drone x2  
  16  0:42  Spawning Pool  
  15  0:45  Drone  
  15  0:48  Drone  
  17  1:11  Unknown, Hatchery  
  16  1:13  Drone  
  16  1:17  Extractor  
  16  1:18  Drone  
  17  1:21  Drone  
  18  1:28  Drone  
  19  1:38  Overlord  
  19  1:49  Queen, Drone  
  22  2:00  Zergling x2  
  23  2:11  Drone  
  24  2:21  Drone  
  24  2:22  Unknown  
  25  2:24  Queen  
  25  2:28  Roach Warren  
  26  2:31  Drone  
  26  2:35  Extractor  
  26  2:37  Drone  
  27  2:44  Overlord  
  27  2:47  Drone  
  27  2:50  Drone  
  29  2:53  Drone  
  29  2:57  Drone  
  31  2:59  Drone  
  31  3:03  Zergling x2  
  34  3:05  Zergling x2  
  34  3:10  Roach  
  36  3:15  Roach  
  36  3:19  Roach  
  40  3:22  Roach  
  42  3:27  Drone x2  
  42  3:33  Overlord  
  44  3:39  Lair  
  44  3:51  Drone x4  
  44  3:53  Drone  
  49  3:56  Drone  
  49  3:59  Drone  
  49  4:00  Drone  
  52  4:05  Overlord  
  52  4:23  Zergling x2, Drone x5  
  58  4:30  Overlord  
  58  4:31  Zergling x4  
  60  4:33  Overlord  
  60  4:41  Hydralisk Den, Drone  
  60  4:44  Infestation Pit, Drone  
  60  4:49  Roach x3  
  60  4:52  Roach  
  68  4:56  Overlord  
  68  5:10  Hydralisk x2  
  68  5:11  Hydralisk  
  68  5:13  Hydralisk  
  76  5:14  Drone x2  
  76  5:15  Overlord  
  78  5:22  Hive  
  78  5:30  Overlord  
  78  5:32  Infestor  
  78  5:33  Overlord  
  80  5:37  Evolution Chamber, Drone  
  80  5:41  Evolution Chamber, Drone  
  80  5:44  Overlord  
  80  5:47  Overlord  
  80  5:53  Zergling x2  
  80  5:55  Zergling x2  
  83  5:57  Zergling x2  
  83  5:58  Zergling x2  
  83  6:00  Zergling x2  
  72  6:05  Roach  
  72  6:06  Roach x2, Zergling x2  
  72  6:07  Roach  
  72  6:10  Roach x3  
  70  6:17  Roach  
  70  6:18  Drone  
  69  6:28  Drone  
  62  6:39  Zergling x2  
  49  6:42  Extractor, Roach x2, Zergling x2  
  47  6:51  Roach  
  46  7:01  Zergling x2  
  41  7:10  Overseer  
  41  7:12  Zergling x2  
  40  7:22  Overlord  
  33  7:51  Unknown, Hatchery  
  32  7:59  Unknown, Hatchery  
  31  9:02  Unknown  
  31  9:06  Overlord  
  31  9:10  Unknown  
  31  9:26  Spawning Pool  
Tags
 
Composition
MMM Bio
League
Master
Matchup
TvZ
Add a new tag
Caveats
  • Supply blocks, unpowered buildings, or Contaminate may cause inaccurate times.
  • Supply counts are checked every 10 seconds.